 Dungeon Crawl Stone Soup version 0.30.0-19-gbf45117a57 (webtiles) character file.

Game seed: 14610588507018350960

490 qw the Chopper (level 7, -1/43 HPs)
             Began as a Gargoyle Fighter on May 23, 2023.
             Slain by a lemure (2 damage)
             ... led by Pikel
             ... on level 4 of the Dungeon.
             The game lasted 00:01:17 (2354 turns).

qw the Chopper (Gargoyle Fighter)                   Turns: 2354, Time: 00:01:18

Health: -1/43      AC: 17    Str: 21    XL:     7   Next: 14%
Magic:  7/7        EV:  5    Int:  9    God:
Gold:   186        SH:  4    Dex:  9    Spells: 6/6 levels left

rFire   . . .        Y - +0 war axe
rCold   . . .        c - +0 buckler
rNeg    + . .        i - +0 plate armour
rPois   inf          k - +0 helmet
rElec   +            (no cloak)
rCorr   .            (no gloves)
SInv    .            (no boots)
Will    .....        (no amulet) Stlth
                     (no ring)
HPRegen 0.27/turn    (no ring)
MPRegen 0.10/turn

%: no passive effects
@: no status effects
A: sickness immunity, AC +4, negative energy resistance 1, electricity
resistance, torment resistance 1, petrification resistance
a: no special abilities


You were on level 4 of the Dungeon.
You visited 1 branch of the dungeon, and saw 4 of its levels.

You collected 186 gold pieces.


Innate Abilities, Weirdness & Mutations

You are immune to sickness and miasma.
Your stone body is resilient. (AC +4)
You are immune to poison.
You resist negative energy. (rN+)
You are resistant to electric shocks. (rElec)
You are resistant to unholy torment.
You are immune to petrification.


   Skills:
 - Level 4.0 Fighting
 - Level 6.5 Axes
 + Level 3.5 Armour
 - Level 3.2 Shields


You had 6 spell levels left.
You didn't know any spells.
Your spell library was empty.

Inventory:

Hand Weapons
 b - a +0 flail
 Y - a +0 war axe (weapon)
Armour
 c - a +0 buckler (worn)
 i - a +0 plate armour (worn)
 k - a +0 helmet (worn)
Scrolls
 a - a scroll of identify
Potions
 d - a potion of might
 e - a potion of flight {unknown}
 g - a potion of attraction

Dungeon Overview and Level Annotations

Branches:
Dungeon (4/15)
 Temple: D:4-7

Altars:

Annotations:
D:4 Pikel


Message History

You hit Pikel but do no damage. Pikel hits you but does no damage.
The lemure barely misses you. The lemure hits you but does no damage.
You block the lemure's attack. The lemure hits you but does no damage.
You block Pikel's attack.
The lemure hits you but does no damage. x2
You slash the lemure!
You kill the lemure!
That felt strangely unrewarding.
You hit the lemure. You barely miss the lemure. You slash Pikel!
The lemure hits you. x2
Pikel hits you with a +0 whip of flaming.
Pikel burns you. The adder bites you but does no damage.
2350 ||| DRINKING potion of heal wounds.
You feel much better. The adder bites you but does no damage.
You block the lemure's attack.
Pikel hits you with a +0 whip of flaming.
Pikel burns you. The lemure hits you.
You closely miss the lemure.
The lemure is severely wounded.
You hit Pikel. You miss the adder. You miss the lemure.
The adder bites you but does no damage. The lemure hits you.
Pikel hits you with a +0 whip of flaming.
Pikel burns you. The lemure hits you but does no damage.
You miss the lemure.
The lemure is severely wounded.
You hit the lemure. You slash Pikel! You slash the adder!
You kill the adder!
You block the lemure's attack. The lemure hits you but does no damage.
Pikel hits you but does no damage.
You hit the lemure.
The lemure is almost dead.
You hit the lemure but do no damage. You closely miss Pikel.
You hit the lemure.
The lemure hits you. x3; Pikel hits you but does no damage.
You closely miss the lemure.
The lemure is almost dead.
You completely miss Pikel. You hit the lemure but do no damage.
You closely miss the lemure. You block the lemure's attack.
Pikel hits you but does no damage. The lemure hits you. x2
You die...

# . #.. #..# g
#.#.#55 .....
# ...
#.#####.#
##..!.55.#
#.....@Kg#
#.#####5.....#
#.##.... #.#
...# #.# ###
#.# ..# ##


You could see Pikel, 3 lemures and a hobgoblin.

Vanquished Creatures
  Grinder (D:3)
  A lemure (D:4)
  A phantom (D:2)
  A bullfrog (D:3)
  10 adders
  2 worms
  3 dart slugs
  5 orcs (D:3)
  6 bats
  9 endoplasms
  3 giant cockroaches
  4 hobgoblins
  3 quokkas (D:1)
  4 ball pythons
  3 frilled lizards
  2 goblins
  A kobold (D:1)
  5 rats
64 creatures vanquished.

Notes
Turn   | Place    | Note
-------+----------+-------------------------------------------
     0 | D:1      | qw the Gargoyle Fighter began the quest for the Orb.
     0 | D:1      | Reached XP level 1. HP: 14/14 MP: 1/1
     0 | D:1      | 0 ||| qw: Version: 0.2-a-98-g5d7165a
     0 | D:1      | 0 ||| qw: Game counter: 45
     0 | D:1      | 0 ||| qw: Always use a shield: true
     0 | D:1      | 0 ||| qw: God list: Okawaru
     0 | D:1      | 0 ||| qw: Allow faded altars: false
     0 | D:1      | 0 ||| qw: Do Orc after D:15 true
     0 | D:1      | 0 ||| qw: Do second Lair branch before Depths: true
     0 | D:1      | 0 ||| qw: Lair rune preference: random
     0 | D:1      | 0 ||| qw: Plans: Normal, Zot:1-4, God:TSO, Crypt, Tomb,
                  | Pan, Slime:5, Hells, Abyss, Win
     0 | D:1      | 0 ||| PLANNING D:1-11
    96 | D:1      | Reached skill level 2 in Axes
   270 | D:1      | Reached XP level 2. HP: 19/19 MP: 2/2
   660 | D:1      | 660 ||| READING scroll labelled KUQ ZUETUNEM.
   661 | D:1      | 661 ||| READING scroll labelled FADISO VOEGULI.
   812 | D:2      | Reached skill level 3 in Axes
   816 | D:2      | 816 ||| Stepping ~*~*~tactically~*~*~ (stealth).
   821 | D:2      | Found the +12 glaive of Prune {freeze, Prune}
   866 | D:2      | Reached XP level 3. HP: 23/23 MP: 3/3
   984 | D:2      | 984 ||| Stepping ~*~*~tactically~*~*~ (stealth).
   992 | D:2      | Reached XP level 4. HP: 28/28 MP: 4/4
   994 | D:2      | 994 ||| Stepping ~*~*~tactically~*~*~ (stealth).
  1071 | D:2      | Reached skill level 4 in Axes
  1095 | D:2      | Noticed a phantom
  1102 | D:2      | 1102 ||| Stepping ~*~*~tactically~*~*~ (water).
  1111 | D:2      | Killed a phantom
  1112 | D:2      | Reached XP level 5. HP: 23/32 MP: 5/5
  1316 | D:2      | Found a faded altar of an unknown god.
  1449 | D:2      | 1449 ||| UPGRADING to +0 plate armour.
  1459 | D:2      | 1459 ||| DROPPING +0 scale mail.
  1460 | D:2      | 1460 ||| UPGRADING to +0 helmet.
  1465 | D:2      | 1465 ||| READING 4 scrolls labelled UDDEMP ANEPI.
  1466 | D:2      | 1466 ||| READING scroll labelled YWEAZXE LYENEZ.
  1467 | D:2      | 1467 ||| READING 3 scrolls of identify.
  1467 | D:2      | 1467 ||| IDENTIFYING white potion
  1468 | D:2      | 1468 ||| READING 2 scrolls of identify.
  1468 | D:2      | 1468 ||| IDENTIFYING lumpy pink potion
  1469 | D:2      | 1469 ||| DROPPING potion of magic.
  1512 | D:3      | 1512 ||| Stepping ~*~*~tactically~*~*~ (stealth).
  1517 | D:3      | Reached skill level 5 in Axes
  1524 | D:3      | Reached XP level 6. HP: 35/37 MP: 6/6
  1547 | D:3      | 1547 ||| Stepping ~*~*~tactically~*~*~ (stealth).
  1548 | D:3      | 1548 ||| Stepping ~*~*~tactically~*~*~ (stealth).
  1668 | D:3      | 1668 ||| DROPPING +0 club.
  1741 | D:3      | 1741 ||| Stepping ~*~*~tactically~*~*~ (hiding).
  1833 | D:3      | Noticed Grinder
  1833 | D:3      | Paralysed by Grinder for 2 turns
  1835 | D:3      | 1835 ||| Stepping ~*~*~tactically~*~*~ (hiding).
  1850 | D:3      | Paralysed by Grinder for 2 turns
  1854 | D:3      | 1854 ||| Stepping ~*~*~tactically~*~*~ (hiding).
  1862 | D:3      | 1862 ||| Stepping ~*~*~tactically~*~*~ (hiding).
  1865 | D:3      | Paralysed by Grinder for 4 turns
  1876 | D:3      | Paralysed by Grinder for 4 turns
  1880 | D:3      | Killed Grinder
  1881 | D:3      | Reached skill level 6 in Axes
  1881 | D:3      | Reached XP level 7. HP: 20/43 MP: 7/7
  1912 | D:3      | 1912 ||| Stepping ~*~*~tactically~*~*~ (stealth).
  1918 | D:3      | 1918 ||| Stepping ~*~*~tactically~*~*~ (stealth).
  1919 | D:3      | 1919 ||| Stepping ~*~*~tactically~*~*~ (stealth).
  1931 | D:3      | 1931 ||| Stepping ~*~*~tactically~*~*~ (stealth).
  1932 | D:3      | 1932 ||| Stepping ~*~*~tactically~*~*~ (stealth).
  1934 | D:3      | 1934 ||| Stepping ~*~*~tactically~*~*~ (stealth).
  2066 | D:3      | 2066 ||| Stepping ~*~*~tactically~*~*~ (hiding).
  2294 | D:3      | 2294 ||| READING scroll labelled PULA MIUTHUTUY.
  2295 | D:3      | 2295 ||| DRINKING 2 green potions.
  2331 | D:4      | Noticed Pikel
  2333 | D:4      | 2333 ||| Stepping ~*~*~tactically~*~*~ (stealth).
  2349 | D:4      | HP: 8/43 [lemure[Pikel] (6)]
  2350 | D:4      | 2350 ||| DRINKING potion of heal wounds.
  2354 | D:4      | HP: 1/43 [lemure[Pikel] (6)]
  2354 | D:4      | Slain by a lemure

Levels and vault maps discovered:
D:1:      scummos_arrival_checkerplants, layout_basic
D:2:      cheibrodos_helix_gallery, layout_rooms,
          hellmonk_ecumenical_altar_inner_sanctum, st_stairs_11
D:3:      minmay_skewed_foursquare, layout_rooms, chequers_serial_rivers_marsh,
          uniq_grinder
D:4:      layout_loops_cross, uniq_pikel

Skill      XL: |  1  2  3  4  5  6 |
---------------+-------------------+-----
Axes           | 2 3 4 5 6 |  6.5
Fighting       | 4 |  4.0
Armour         | |  3.5
Shields        | |  3.2

Action                     |  1- 3 |  4- 6 |  7- 9 || total
---------------------------+-------+-------+-------++-------
  Melee: War axe           |    64 |    96 |    29 ||   189
    Use: Scroll            |     2 |     4 |     1 ||     7
         Potion            |       |       |     2 ||     2
 Armour: Scale mail        |    33 |     8 |       ||    41
         Plate armour      |       |    38 |    34 ||    72
  Dodge: Dodged            |    21 |    29 |    11 ||    61
  Block: Buckler           |     8 |    17 |    10 ||    35

Table legend:
 A = Non-vault XP
 B = Vault XP
 C = Vault XP percentage of total XP
 D = Non-vault monster count
 E = Vault monster count
 F = Vault count percentage of total count
                 A         B        C        D         E       F
            +---------+---------+-------+---------+---------+-------
      Total |     390 |     311 |  44.4 |      52 |      11 |  17.5
            +---------+---------+-------+---------+---------+-------
        D:1 |      28 |       0 |   0.0 |      16 |       0 |   0.0
        D:2 |     175 |      21 |  10.7 |      20 |       5 |  20.0
        D:3 |     174 |     290 |  62.5 |      15 |       6 |  28.6
        D:4 |      13 |       0 |   0.0 |       1 |       0 |   0.0
            +---------+---------+-------+---------+---------+-------
